MLB
PHILADELPHIA PHILLIES @ CINCINNATI REDS
06/09/2099
 
TOP OF THE 1ST
Philadelphia Phillies batting - Pitching for Cincinnati Reds : RHP Mike Lewis
Pitching: RHP Mike Lewis
Batting: RHB Ryan Klepper 0-0: Called Strike
0-1: Fly out, F6 (Popup, 6MS, EV 78.1 MPH)
Batting: RHB Jason Waid 0-0: Ball
1-0: Foul Ball, location: 7LMFF
1-1: Foul Ball, location: 9LMFF
1-2: Foul Ball, location: 3F
1-2: Ground out 6-3 (Groundball, 6S, EV 86.9 MPH)
Batting: SHB Pete Ray 0-0: Ball
1-0: Ball
2-0: SOLO HOME RUN (Flyball, 9D, EV 98.8 MPH), Distance : 393 ft
Batting: RHB David Schafer 0-0: Ball
1-0: Called Strike
1-1: Ball
2-1: Ground out 4-3 (Groundball, 4D, EV 95.0 MPH)
Top of the 1st over - 1 run, 1 hit, 0 errors, 0 left on base; Philadelphia 1 - Cincinnati 0
BOTTOM OF THE 1ST
Cincinnati Reds batting - Pitching for Philadelphia Phillies : RHP Kyle O'Brien
Pitching: RHP Kyle O'Brien
Batting: RHB Erik Schmidt 0-0: Ball
1-0: Swinging Strike
1-1: Foul Ball, location: 7LDF
1-2: Ground out 6-3 (Groundball, 6S, EV 84.4 MPH)
Batting: RHB Earl Boivin 0-0: Called Strike
0-1: Foul Ball, location: 9LSF
0-2: Foul Ball, location: 23F
0-2: Foul Ball, location: 7LMF
0-2: DOUBLE (Line Drive, 78M, EV 110.6 MPH)
Batting: LHB Jonathan Nelson 0-0: Ball
1-0: Ball
2-0: Ball
3-0: Called Strike
3-1: Base on Balls
Batting: SHB Jamie Moore 0-0: Foul Ball, location: 2F
0-1: SINGLE (Line Drive, 56, EV 94.4 MPH)
Earl Boivin to third
Jonathan Nelson to second
Batting: LHB Steve Carbone 0-0: Swinging Strike
0-1: Ball
1-1: Fly out, F7 (Flyball, 78D, EV 76.9 MPH)
Runner from 3rd tags up, OUT at HOME! 7-2
Bottom of the 1st over - 0 runs, 2 hits, 0 errors, 2 left on base; Philadelphia 1 - Cincinnati 0
TOP OF THE 2ND
Philadelphia Phillies batting - Pitching for Cincinnati Reds : RHP Mike Lewis
Batting: RHB Norge Carlos Hernandez 0-0: Foul Ball, location: 2F
0-1: Called Strike
0-2: Strikes out swinging
Batting: RHB Mike Bedard 0-0: Called Strike
0-1: Ball
1-1: Called Strike
1-2: Ball
2-2: Ball
3-2: Fly out, F7 (Line Drive, 7, EV 110.0 MPH)
Batting: RHB Vicente Vargas 0-0: Ball
1-0: Ball
2-0: Foul Ball, location: 2F
2-1: Foul Ball, location: 9LMF
2-2: Strikes out swinging
Top of the 2nd over - 0 runs, 0 hits, 0 errors, 0 left on base; Philadelphia 1 - Cincinnati 0
BOTTOM OF THE 2ND
Cincinnati Reds batting - Pitching for Philadelphia Phillies : RHP Kyle O'Brien
Batting: RHB Tim Mercer 0-0: Fly out, F7 (Line Drive, 78M, EV 86.9 MPH)
Batting: RHB Jesus Najera 0-0: Foul Ball, location: 2F
0-1: Fly out, F4 (Popup, 4D, EV 51.3 MPH)
Batting: SHB Manny Ramirez 0-0: Ball
1-0: Foul Ball, location: 7LDF
1-1: Reached on error, E6 (Groundball, 6, EV 77.5 MPH)
Batting: RHB Jake Kidd 0-0: Ball
1-0: Called Strike
Manny Ramirez is caught stealing 2nd base 2-4
Bottom of the 2nd over - 0 runs, 0 hits, 1 error, 0 left on base; Philadelphia 1 - Cincinnati 0
TOP OF THE 3RD
Philadelphia Phillies batting - Pitching for Cincinnati Reds : RHP Mike Lewis
Batting: SHB Rob Brady 0-0: Called Strike
0-1: Ground out 5-3 (Groundball, 5L, EV 103.1 MPH)
Batting: RHB Josh Hester 0-0: Ball
1-0: Ball
2-0: Called Strike
2-1: Swinging Strike
2-2: Ball
3-2: Strikes out looking
Batting: RHB Ryan Klepper 0-0: Called Strike
0-1: Ball
1-1: Swinging Strike
1-2: Ball
2-2: Strikes out swinging
Top of the 3rd over - 0 runs, 0 hits, 0 errors, 0 left on base; Philadelphia 1 - Cincinnati 0
BOTTOM OF THE 3RD
Cincinnati Reds batting - Pitching for Philadelphia Phillies : RHP Kyle O'Brien
Batting: RHB Jake Kidd 0-0: Called Strike
0-1: Ball
1-1: Ball
2-1: Foul Ball, location: 2F
2-2: Strikes out swinging
Batting: RHB Erik Schmidt 0-0: SINGLE (Line Drive, 6M, EV 103.1 MPH)
Batting: RHB Earl Boivin 0-0: Ball
1-0: Called Strike
1-1: Foul Ball, location: 2F
1-2: Ball
2-2: Strikes out swinging
Batting: LHB Jonathan Nelson 0-0: Swinging Strike
0-1: Foul Ball, location: 3FF
0-2: Foul Ball, location: 5F
0-2: Ball
Erik Schmidt is caught stealing 2nd base 2-6
Bottom of the 3rd over - 0 runs, 1 hit, 0 errors, 0 left on base; Philadelphia 1 - Cincinnati 0
TOP OF THE 4TH
Philadelphia Phillies batting - Pitching for Cincinnati Reds : RHP Mike Lewis
Batting: RHB Jason Waid 0-0: Ball
1-0: Called Strike
1-1: SOLO HOME RUN (Flyball, 78XD, EV 102.5 MPH), Distance : 410 ft
Batting: SHB Pete Ray 0-0: Called Strike
0-1: Ball
1-1: Foul Ball, location: 2F
1-2: Ball
2-2: Foul Ball, location: 7LMF
2-2: Foul Ball, location: 2F
2-2: Fly out, F8 (Flyball, 8LXD, EV 105.6 MPH)
Batting: RHB David Schafer 0-0: Called Strike
0-1: Ball
1-1: Swinging Strike
1-2: Foul Ball, location: 2F
1-2: Fly out, F9 (Flyball, 9LS, EV 93.8 MPH)
Batting: RHB Norge Carlos Hernandez 0-0: Foul Ball, location: 5FF
0-1: Foul Ball, location: 9LMF
0-2: Foul Ball, location: 7LMF
0-2: Fly out, F9 (Line Drive, 89M, EV 106.9 MPH)
Top of the 4th over - 1 run, 1 hit, 0 errors, 0 left on base; Philadelphia 2 - Cincinnati 0
BOTTOM OF THE 4TH
Cincinnati Reds batting - Pitching for Philadelphia Phillies : RHP Kyle O'Brien
Batting: LHB Jonathan Nelson 0-0: Swinging Strike
0-1: SINGLE (Line Drive, 4D, EV 96.3 MPH)
Batting: SHB Jamie Moore 0-0: Ball
1-0: Foul Ball, location: 7LDF
1-1: SINGLE (Line Drive, 9S, EV 106.9 MPH)
Jonathan Nelson to second
Batting: LHB Steve Carbone 0-0: Ball
1-0: Called Strike
1-1: Fly out, F6 (Popup, 6, EV 59.4 MPH)
Batting: RHB Tim Mercer 0-0: Ball
1-0: SINGLE (Groundball, 4MS, EV 68.8 MPH) (infield hit)
Jonathan Nelson to third
Jamie Moore to second
Batting: RHB Jesus Najera 0-0: Fly out, F8 (Flyball, 8LD, EV 109.4 MPH)
Runner from 3rd tags up, SCORES, throw by CF
Batting: SHB Manny Ramirez 0-0: Foul Ball, location: 7LMF
0-1: Swinging Strike
0-2: Ball
1-2: Fly out, F3 (Popup, 23F, EV 90.6 MPH)
Bottom of the 4th over - 1 run, 3 hits, 0 errors, 2 left on base; Philadelphia 2 - Cincinnati 1
TOP OF THE 5TH
Philadelphia Phillies batting - Pitching for Cincinnati Reds : RHP Mike Lewis
Batting: RHB Mike Bedard 0-0: Foul Ball, location: 2F
0-1: Reached on error, E3 (Groundball, 3S, EV 80.0 MPH)
Batting: RHB Vicente Vargas 0-0: Called Strike
0-1: Ball
1-1: Ball
2-1: Ball
3-1: Called Strike
3-2: SINGLE (Groundball, 6M, EV 86.3 MPH) (infield hit)
Mike Bedard to second
Batting: SHB Rob Brady 0-0: Called Strike
0-1: Called Strike
0-2: Ball
1-2: Strikes out looking
Pitching: RHP Mike Yates
Batting: RHB Josh Hester 0-0: Foul Ball, location: 3SF
0-1: Called Strike
0-2: Ball
1-2: Strikes out swinging
Batting: RHB Ryan Klepper 0-0: Ball
1-0: Ball
2-0: Fly out, F9 (Flyball, 89D, EV 79.4 MPH)
Top of the 5th over - 0 runs, 1 hit, 1 error, 2 left on base; Philadelphia 2 - Cincinnati 1
BOTTOM OF THE 5TH
Cincinnati Reds batting - Pitching for Philadelphia Phillies : RHP Kyle O'Brien
Batting: RHB Jake Kidd 0-0: Ground out 5-3 (Groundball, 56, EV 81.9 MPH)
Batting: RHB Erik Schmidt 0-0: Called Strike
0-1: Ball
1-1: Ground out 5-3 (Groundball, 56, EV 88.1 MPH)
Batting: RHB Earl Boivin 0-0: Swinging Strike
0-1: SINGLE (Line Drive, 8RS, EV 109.4 MPH)
Batting: LHB Jonathan Nelson 0-0: Ground out 5-3 (Groundball, 56S, EV 91.9 MPH)
Bottom of the 5th over - 0 runs, 1 hit, 0 errors, 1 left on base; Philadelphia 2 - Cincinnati 1
TOP OF THE 6TH
Philadelphia Phillies batting - Pitching for Cincinnati Reds : RHP Mike Yates
Batting: RHB Jason Waid 0-0: Ball
1-0: Foul Ball, location: 3SF
1-1: SINGLE (Groundball, 34D, EV 100.6 MPH)
Batting: SHB Pete Ray 0-0: Ball
1-0: Called Strike
1-1: Ball
2-1: SINGLE (Groundball, 6MD, EV 105.0 MPH)
Jason Waid to second
Batting: RHB David Schafer 0-0: Ball
1-0: Ball
2-0: Called Strike
2-1: Fly out, F8 (Flyball, 89M, EV 87.5 MPH)
Batting: RHB Norge Carlos Hernandez 0-0: Ball
1-0: Called Strike
1-1: Foul Ball, location: 9LDF
1-2: Fly out, F6 (Line Drive, 56, EV 63.1 MPH)
Lined into DP, 6-4 (Line Drive, 56, EV 63.1 MPH)
Top of the 6th over - 0 runs, 2 hits, 0 errors, 1 left on base; Philadelphia 2 - Cincinnati 1
BOTTOM OF THE 6TH
Cincinnati Reds batting - Pitching for Philadelphia Phillies : RHP Kyle O'Brien
Batting: SHB Jamie Moore 0-0: Swinging Strike
0-1: Ball
1-1: Ball
2-1: Foul Ball, location: 3FF
2-2: Ball
3-2: Fly out, F8 (Flyball, 8LD, EV 101.3 MPH)
Batting: LHB Steve Carbone 0-0: SINGLE (Line Drive, 7LM, EV 100.6 MPH)
Batting: RHB Tim Mercer 0-0: Ball
1-0: Ball
2-0: Ball
3-0: Called Strike
3-1: Called Strike
3-2: Grounds into double play, 4-6-3 (Groundball, 4, EV 84.4 MPH)
Bottom of the 6th over - 0 runs, 1 hit, 0 errors, 0 left on base; Philadelphia 2 - Cincinnati 1
TOP OF THE 7TH
Philadelphia Phillies batting - Pitching for Cincinnati Reds : RHP Mike Yates
Batting: RHB Mike Bedard 0-0: SINGLE (Line Drive, 4D, EV 95.6 MPH)
Batting: RHB Vicente Vargas 0-0: Called Strike
0-1: Ball
1-1: Foul Ball, location: 9LSF
1-2: Fly out, F8 (Flyball, 8LD, EV 90.0 MPH)
Batting: SHB Rob Brady 0-0: Ball
1-0: Ball
2-0: Foul Ball, location: 7LSF
2-1: Fly out, F8 (Flyball, 8RD, EV 92.5 MPH)
Pitching: RHP Israel Castillo
Batting: RHB Josh Hester 0-0: Called Strike
0-1: Swinging Strike
0-2: Ball
1-2: Foul Ball, location: 2LF
1-2: Ball
2-2: Ball
3-2: Strikes out swinging
Top of the 7th over - 0 runs, 1 hit, 0 errors, 1 left on base; Philadelphia 2 - Cincinnati 1
BOTTOM OF THE 7TH
Cincinnati Reds batting - Pitching for Philadelphia Phillies : RHP Kyle O'Brien
Batting: RHB Jesus Najera 0-0: Ball
1-0: Ball
2-0: Ball
3-0: Called Strike
3-1: Foul Ball, location: 2F
3-2: Fly out, F9 (Line Drive, 89M, EV 88.8 MPH)
Batting: SHB Manny Ramirez 0-0: Called Strike
0-1: Ball
1-1: Foul Ball, location: 9LDF
1-2: Fly out, F7 (Flyball, 78M, EV 89.4 MPH)
Batting: RHB Jake Kidd 0-0: Fly out, F4 (Flyball, 34D, EV 91.9 MPH)
Bottom of the 7th over - 0 runs, 0 hits, 0 errors, 0 left on base; Philadelphia 2 - Cincinnati 1
TOP OF THE 8TH
Philadelphia Phillies batting - Pitching for Cincinnati Reds : RHP Israel Castillo
Batting: RHB Ryan Klepper 0-0: Foul Ball, location: 2F
0-1: Called Strike
0-2: Fly out, F7 (Flyball, 7, EV 78.8 MPH)
Batting: RHB Jason Waid 0-0: Called Strike
0-1: Foul Ball, location: 7LDF
0-2: SINGLE (Groundball, 23, EV 62.5 MPH) (infield hit)
Batting: SHB Pete Ray 0-0: SINGLE (Line Drive, 34D, EV 108.8 MPH)
Jason Waid to second
Batting: RHB David Schafer 0-0: Ball
1-0: Ball
2-0: Called Strike
2-1: Swinging Strike
2-2: Fly out, F8 (Flyball, 8RXD, EV 99.4 MPH)
Runner from 2nd tags up, SAFE at 3rd, no throw by CF
Batting: RHB Norge Carlos Hernandez 0-0: Ball
1-0: Called Strike
1-1: Swinging Strike
1-2: Strikes out swinging
Top of the 8th over - 0 runs, 2 hits, 0 errors, 2 left on base; Philadelphia 2 - Cincinnati 1
BOTTOM OF THE 8TH
Cincinnati Reds batting - Pitching for Philadelphia Phillies : RHP Kyle O'Brien
Now in LF: Jason Garza
Batting: RHB Erik Schmidt 0-0: Fly out, F9 (Flyball, 9LMF, EV 74.4 MPH)
Batting: RHB Earl Boivin 0-0: Foul Ball, location: 3DF
0-1: Foul Ball, location: 2F
0-2: Fly out, F9 (Flyball, 9LM, EV 110.0 MPH)
Batting: LHB Jonathan Nelson 0-0: Foul Ball, location: 2F
0-1: Ball
1-1: Ground out 4-3 (Groundball, 34, EV 75.6 MPH)
Bottom of the 8th over - 0 runs, 0 hits, 0 errors, 0 left on base; Philadelphia 2 - Cincinnati 1
TOP OF THE 9TH
Philadelphia Phillies batting - Pitching for Cincinnati Reds : RHP Israel Castillo
Pitching: LHP Dusty Edwards
Batting: RHB Mike Bedard 0-0: Called Strike
0-1: Ball
1-1: Called Strike
1-2: Ground out 4-3 (Groundball, 4MD, EV 101.3 MPH)
Batting: RHB Vicente Vargas 0-0: DOUBLE (Line Drive, 9LD, EV 110.6 MPH)
Batting: SHB Rob Brady 0-0: Intentional Walk
Pinch Hitting: SHB Colton Voeller 0-0: Swinging Strike
0-1: Ball
1-1: Swinging Strike
1-2: Ball
2-2: Fly out, F4 (Line Drive, 4, EV 71.3 MPH)
Lined into DP, 4-6 (Line Drive, 4, EV 71.3 MPH)
Top of the 9th over - 0 runs, 1 hit, 0 errors, 1 left on base; Philadelphia 2 - Cincinnati 1
BOTTOM OF THE 9TH
Cincinnati Reds batting - Pitching for Philadelphia Phillies : RHP Kyle O'Brien
Pitching: LHP Vince Booker
Now at C: Jarred Giordano
Pinch Hitting: RHB Jamie Schexnider 0-0: SINGLE (Line Drive, 7S, EV 100.0 MPH)
Batting: LHB Steve Carbone 0-0: Called Strike
0-1: Fly out, F8 (Flyball, 8RM, EV 90.0 MPH)
Batting: RHB Tim Mercer 0-0: Ball
1-0: Ball
2-0: Ball
3-0: Called Strike
3-1: Base on Balls
Jamie Schexnider to second
Pinch Runner at 2nd Alfonso Tejeda:
Batting: RHB Jesus Najera 0-0: Called Strike
0-1: Ball
1-1: Ball
2-1: Fly out, F7 (Line Drive, 7LM, EV 97.5 MPH)
Pinch Hitting: RHB Salvador Salaedo 0-0: Foul Ball, location: 5F
0-1: Ball
1-1: 3-RUN HOME RUN (Flyball, 7LD, EV 96.9 MPH), Distance : 354 ft
Bottom of the 9th over - 3 runs, 2 hits, 0 errors, 0 left on base; Philadelphia 2 - Cincinnati 4
Sunday, May 5th , 2024 - OOTP Baseball 24.11 Build 85